 Dungeon Crawl Stone Soup version 0.30-b1-2-g02819fbbbe (webtiles) character file.

Game seed: 6490139077927438075

210686 LLlMATKO the Tortoise (level 18, -2/173 HPs)
             Began as a Minotaur Berserker on Nov 8, 2023.
             Was a High Priest of Trog.
             Succumbed to an emperor scorpion's poison
             ... on level 4 of the Spider Nest.
             The game lasted 00:48:22 (38911 turns).

LLlMATKO the Tortoise (Minotaur Berserker)         Turns: 38911, Time: 00:48:23

Health: -2/173     AC: 26    Str: 27    XL:     18   Next: 19%
Magic:  0/17       EV: 14    Int:  4    God:    Trog [*****.]
Gold:   2249       SH: 14    Dex: 12    Spells: 17/17 levels left

rFire   + + .        N - +8 mithril axe "Arga" {speed, Will+}
rCold   . . .        Q - +0 kite shield {reflect}
rNeg    . . .        j - +1 plate armour {rF+}
rPois   +            t - +2 hat {SInv}
rElec   +            k - +2 cloak of Evolution {rPois Dex+2}
rCorr   .            S - +0 pair of gloves
SInv    +            T - +0 pair of boots "Gokh" {Fly rElec Str-3 SInv}
Will    ++++.        c - amulet of guardian spirit Stlth
                     g - ring of protection from fire
HPRegen 1.48/turn    Z - +4 ring of protection
MPRegen 0.15/turn

%: reflection, guardian spirit
@: lethally poisoned (-2 -> -49), strong-willed, corroded, on berserk cooldown,
flying, regenerating, slowed, very slow
A: horns 2, retaliatory headbutt
}: 1/15 runes: decaying
a: Renounce Religion, Berserk, Trog's Hand, Brothers in Arms


You were on level 4 of the Spider Nest.
You worshipped Trog.
Trog was extremely pleased with you.
You visited 5 branches of the dungeon, and saw 30 of its levels.
You also visited: Volcano.

You collected 3379 gold pieces.
You spent 1130 gold pieces at shops.

Inventory:

Hand Weapons
 l - a +2 broad axe of flaming
 N - the +8 mithril axe "Arga" (weapon) {speed, Will+}
   (You found it on level 3 of the Swamp)

   Will:      It increases your willpower.
 V - a +6 antimagic broad axe
 X - the +8 frozen axe "Frostbite" {freeze, freezing cloud, *Noise Fly rC+}
   (You found it on level 10 of the Dungeon)

   rC:        It protects you from cold.
   Fly:       It grants you flight.
   *Noise:    It may make noises in combat.
Missiles
 a - 2 throwing nets
 E - 13 javelins (quivered)
 H - 11 silver javelins
 I - 8 atropa-tipped darts
Armour
 j - a +1 plate armour of fire resistance (worn)
 k - the +2 cloak of Evolution (worn) {rPois Dex+2}
   (You bought it in a shop on level 2 of the Orcish Mines)

   Dex:       It affects your dexterity (+2).
   rPois:     It protects you from poison.
 t - a +2 hat of see invisible (worn)
 Q - a +0 kite shield of reflection (worn)
 S - a +0 pair of gloves (worn)
 T - the +0 pair of boots "Gokh" (worn) {Fly rElec Str-3 SInv}
   (You bought it in a shop on level 8 of the Dungeon)

   Str:       It affects your strength (-3).
   rElec:     It insulates you from electricity.
   SInv:      It lets you see invisible.
   Fly:       It grants you flight.
Jewellery
 c - an amulet of guardian spirit (around neck)
 e - a ring of resist corrosion
 g - a ring of protection from fire (left hand)
 A - a ring of flight
 Z - a +4 ring of protection (right hand)
Wands
 m - a wand of flame (21)
 o - a wand of charming (20)
 x - a wand of mindburst (30)
 y - a wand of polymorph (17)
 C - a wand of quicksilver (26)
 J - a wand of roots (9)
 M - a wand of digging (6)
Scrolls
 b - 9 scrolls of identify
 d - 11 scrolls of teleportation
 f - a scroll of silence
 h - 4 scrolls of blinking
 q - 4 scrolls of magic mapping
 s - 2 scrolls of summoning
 D - 3 scrolls of fear
 G - 5 scrolls of fog
 O - 2 scrolls of enchant weapon
 P - a scroll of enchant armour
 R - 2 scrolls of brand weapon
 U - a scroll of poison
 W - 7 scrolls of noise
 Y - 3 scrolls of vulnerability
Potions
 i - 10 potions of heal wounds
 n - 3 potions of invisibility
 p - 8 potions of might
 r - 17 potions of degeneration
 u - 8 potions of ambrosia
 v - 6 potions of cancellation
 w - 2 potions of magic
 z - 9 potions of flight
 B - 6 potions of curing
 K - 2 potions of resistance
 L - 10 potions of haste


   Skills:
 + Level 18.5 Fighting
 + Level 20.7 Axes
 + Level 20.9 Armour
 + Level 16.9 Dodging
 + Level 17.3 Shields


You had 17 spell levels left.
You didn't know any spells.
Your spell library was empty.

Dungeon Overview and Level Annotations

Branches:
Dungeon (15/15)            Temple (0/1) D:5            Lair (5/5) D:9
  Swamp (4/4) Lair:3       Spider (4/4) Lair:3        Slime (0/5) Lair:5
    Orc (2/2) D:11            Elf (0/3) Orc:2        Vaults (0/5) D:13
 Depths (0/4) D:15        Volcano (visited)

Altars:
Cheibriados
Dithmenos
Gozag
Kikubaaqudgha
Makhleb
Nemelex Xobeh
Okawaru
Qazlal
Ru
Sif Muna
Vehumet
Yredelemnul
Jiyva

Shops:
D:8 :(?[   Orc:2 ??[:?

Portals:
Pandemonium: Orc:2


Innate Abilities, Weirdness & Mutations

You have a pair of horns on your head.
You reflexively headbutt those who attack you in melee.


Message History

You slice the emperor scorpion!!
The emperor scorpion is severely wounded.
You closely miss the emperor scorpion.
* * * LOW HITPOINT WARNING * * *
You feel extremely sick.
You block the emperor scorpion's attack. x2
The emperor scorpion claws you but does no damage.
Unknown command.
You hit the emperor scorpion but do no damage.
The emperor scorpion is severely wounded.
You slice the emperor scorpion!!
* * * LOW HITPOINT WARNING * * *
You feel extremely sick.
You block the emperor scorpion's attack.
The emperor scorpion misses you.
You block the emperor scorpion's attack.
The ghost moth stares at you.
You slash the emperor scorpion!
Your headbutt misses the emperor scorpion.
The emperor scorpion is severely wounded.
You hit the emperor scorpion but do no damage.
* * * LOW HITPOINT WARNING * * *
You feel extremely sick.
You block the emperor scorpion's attack.
The emperor scorpion completely misses you.
The emperor scorpion claws you but does no damage.
The emperor scorpion stings you but does no damage.
The emperor scorpion claws you but does no damage.
You block the emperor scorpion's attack.
Unknown command.
The emperor scorpion attacks as you move away!
The emperor scorpion stings you but does no damage.
You block the emperor scorpion's attack. x2
* * * LOW HITPOINT WARNING * * *
You feel extremely sick.
You feel a strong urge to attack something.
You are no longer berserk.
You are exhausted.
You feel yourself slow down.
You die...

###### ##....#
##...~.## ##.....~.#
#^..~^.@.# #...†###.##
#....#,#ss#*
#...##~#s†.#
#...#^,yys(# #######
#...#,.[...#* ......#
#...#[..S..~*
......####..##.≈≈.~~.#*
.^.....##†..#!≈≈≈!#^^.*


You could see 3 emperor scorpions, a ghost moth (invisible), an orb spider and
an electric eel.

Vanquished Creatures
  Nikola (Swamp:3)
  Arachne (Spider:4)
  A thorn hunter (Swamp:4)
  Roxanne (D:14)
  Donald (Spider:1)
  5 emperor scorpions
  2 ghost moths (Spider:4)
  4 eleionomae
  5 bunyips
  A dire elephant (D:15)
  Azrael (Orc:2)
  2 spark wasps
  Snorg (Orc:1)
  A fire dragon (Lair:5)
  2 shambling mangroves
  An entropy weaver (shapeshifter) (D:15)
  Josephine (D:10)
  25 hydras
  4 entropy weavers
  An ice dragon (D:13)
  A spriggan air mage (Swamp:3)
  7 vault guards (D:13)
  A death knight (D:14)
  A radroach (Spider:2)
  6 two-headed ogres
  12 death yaks
  3 demonspawn (Orc:2)
  A centaur warrior (D:13)
  A tengu warrior (D:13)
  4 boulder beetles
  3 alligators
  6 orc high priests (Orc:2)
  2 spriggan berserkers (Swamp:3)
  A soul eater (Orc:2)
  Sonja (Lair:4)
  2 sun demons
  A hell knight (Volcano)
  4 skysharks
  9 pharaoh ants
  2 goliath frogs (Swamp:2)
  A sun moth (Spider:3)
  7 spriggan druids
  9 swamp dragons
  6 orb spiders
  5 bog bodies
  A lindwurm (Lair:5)
  6 orc knights
  12 steelbarb worms
  4 deep elf pyromancers
  A will-o-the-wisp (Swamp:3)
  7 orc sorcerers
  11 ugly things
  20 wolf spiders
  3 moths of wrath
  4 cyclopes
  A mana viper (shapeshifter) (D:14)
  5 manticores
  12 elephants
  3 molten gargoyles
  5 black mambas
  A naga mage (D:15)
  10 cane toads
  4 gargoyles
  7 demonic crawlers
  A smoke demon (Orc:2)
  4 rime drakes
  4 torpor snails
  5 freezing wraiths
  An unseen horror (D:12)
  10 komodo dragons
  A tengu conjurer (D:13)
  6 meliai
  7 hornets
  A bloated husk (Swamp:1)
  3 trolls
  15 tyrant leeches
  22 tarantellas
  A queen bee (Spider:2)
  A polar bear (Lair:4)
  29 blink frogs
  A wolf spider simulacrum (D:13)
  A centaur simulacrum (D:13)
  A shadow (D:10)
  22 jumping spiders
  7 slime creatures
  34 yaks
  A vampire (D:13)
  17 spriggans
  4 wyverns
  5 wraiths
  7 basilisks
  14 culicivoras
  6 fire bats (Volcano)
  Eustachio (D:5)
  3 fire elementals (Orc:2)
  A ynoxinul (Orc:2)
  A chaos spawn (Orc:2)
  87 redbacks
  A steam dragon (Lair:5)
  21 swamp worms
  Menkaure (D:4)
  15 vampire mosquitoes
  2 wargs
  2 acid dragons (D:11)
  Edmund (D:5)
  12 water moccasins
  4 hell hounds
  31 orc warriors
  11 swamp drakes
  2 black bears
  4 ice beasts
  3 ogres
  6 wolves
  7 centaurs
  A phantom (D:6)
  6 kobold brigands
  12 bullfrogs
  Blork the orc (D:4)
  2 scorpions
  4 necrophages (Lair:3)
  8 wights (D:9)
  21 killer bees (Spider:2)
  A howler monkey (D:11)
  2 electric eels
  11 lava snakes
  9 hounds
  3 jellies
  22 orc priests
  3 iguanas
  Natasha (thrice) (D:3)
  20 orc wizards
  Ijyb (D:4)
  3 gnolls (D:6)
  18 adders
  A shadow imp (D:5)
  2 white imps
  A worm (D:2)
  2 dart slugs (D:4)
  60 orcs
  3 bats
  6 endoplasms
  A giant cockroach (D:4)
  5 goblins
  4 hobgoblins
  2 jackals (D:3)
  A quokka (D:5)
  7 ball pythons
  35 kobolds
  4 rats
  A bush (D:1)
1007 creatures vanquished.

Vanquished Creatures (collateral kills)
  A vault guard (D:13)
  2 hydras
  A swamp dragon (Swamp:3)
  A wolf spider (Spider:4)
  2 tyrant leeches
  A centaur (D:13)
8 creatures vanquished.

Vanquished Creatures (others)
  A swamp dragon (Swamp:4)
  3 bloated husks
  An orc (D:15)
  2 briar patches (Swamp:4)
  2 foxfires (Swamp:3)
  37 fungi
  58 plants
104 creatures vanquished.

Grand Total: 1119 creatures vanquished

Notes
Turn   | Place    | Note
-------+----------+-------------------------------------------
     0 | D:1      | LLlMATKO the Minotaur Berserker began the quest for the
                  | Orb.
     0 | D:1      | Reached XP level 1. HP: 19/19 MP: 0/0
   409 | D:1      | Reached XP level 2. HP: 27/27 MP: 1/1
   804 | D:2      | Reached XP level 3. HP: 12/33 MP: 2/2
  1116 | D:2      | Found a faded altar of an unknown god.
  1447 | D:3      | Reached XP level 4. HP: 41/41 MP: 3/3
  1488 | D:3      | Found a basalt altar of Yredelemnul.
  1530 | D:3      | Reached ** piety under Trog
  1615 | D:3      | Found a sparkling altar of Nemelex Xobeh.
  1801 | D:3      | Found a stormy altar of Qazlal.
  2036 | D:3      | Noticed Natasha
  2040 | D:3      | Killed Natasha
  2206 | D:3      | Found a basalt altar of Yredelemnul.
  2275 | D:3      | Found a stormy altar of Qazlal.
  2425 | D:3      | Found a sparkling altar of Nemelex Xobeh.
  2585 | D:3      | Noticed Natasha
  2593 | D:3      | Killed Natasha
  2594 | D:3      | Reached XP level 5. HP: 31/47 MP: 4/4
  2673 | D:3      | Found a stormy altar of Qazlal.
  2743 | D:3      | Found a basalt altar of Yredelemnul.
  2867 | D:3      | Noticed Natasha
  2873 | D:3      | Killed Natasha
  2946 | D:3      | Found a sparkling altar of Nemelex Xobeh.
  3330 | D:4      | Noticed Menkaure
  3336 | D:4      | Killed Menkaure
  3337 | D:4      | Reached skill level 5 in Fighting
  3337 | D:4      | Reached skill level 5 in Axes
  3337 | D:4      | Reached XP level 6. HP: 40/56 MP: 5/5
  3671 | D:4      | Found a radiant altar of Vehumet.
  3671 | D:4      | Found an ancient bone altar of Kikubaaqudgha.
  3672 | D:4      | Found a shimmering blue altar of Sif Muna.
  3778 | D:4      | Noticed Ijyb
  3788 | D:4      | Killed Ijyb
  3869 | D:4      | Noticed Blork the orc
  3875 | D:4      | Killed Blork the orc
  3876 | D:4      | Reached skill level 5 in Armour
  4155 | D:4      | Found a snail-covered altar of Cheibriados.
  4229 | D:4      | Found a burning altar of Makhleb.
  4374 | D:5      | Entered Level 5 of the Dungeon
  4390 | D:5      | Reached XP level 7. HP: 40/62 MP: 6/6
  4535 | D:5      | Noticed Edmund
  4546 | D:5      | Killed Edmund
  4709 | D:5      | Noticed Eustachio
  4721 | D:5      | Killed Eustachio
  4722 | D:5      | Reached skill level 5 in Dodging
  4864 | D:5      | Found a staircase to the Ecumenical Temple.
  5021 | D:5      | Reached XP level 8. HP: 71/71 MP: 7/7
  5490 | D:6      | Reached skill level 1 in Shields
  5533 | D:6      | Found an opulent altar of Gozag.
  6473 | D:7      | Reached XP level 9. HP: 40/80 MP: 8/8
  6942 | D:7      | Found a sacrificial altar of Ru.
  7624 | D:8      | Reached *** piety under Trog
  7669 | D:8      | Noticed a +0 giant spiked club
  7671 | D:8      | Found Noleffud's Weapon Emporium.
  7673 | D:8      | Noticed a +0 giant club
  7902 | D:8      | Reached skill level 5 in Shields
  8058 | D:8      | Found Couma's Book Shop.
  8258 | D:8      | Found Filiupp's Antique Armour Boutique.
  8330 | D:8      | Found Onniwiv's Magic Scroll Emporium.
  8480 | D:8      | Bought a pair of transparent boots for 294 gold pieces
  8480 | D:8      | Identified the +0 pair of boots "Gokh" {Fly rElec Str-3
                  | SInv} (You bought it in a shop on level 8 of the Dungeon)
  8527 | D:9      | Noticed a gargoyle
  8530 | D:9      | Found a staircase to the Lair.
  8536 | D:9      | Killed a gargoyle
  8536 | D:9      | Noticed a troll
  8544 | D:9      | Reached XP level 10. HP: 90/90 MP: 9/9
  8611 | D:9      | Found a shadowy altar of Dithmenos.
  9420 | D:10     | Entered Level 10 of the Dungeon
  9420 | D:10     | Noticed a two-headed ogre
  9427 | D:10     | Killed a two-headed ogre
  9839 | D:10     | Found the +8 frozen axe "Frostbite" {freeze, freezing
                  | cloud, *Noise Fly rC+}
  9855 | D:10     | Reached **** piety under Trog
  9921 | D:10     | Noticed Josephine
  9933 | D:10     | Killed Josephine
  9934 | D:10     | Reached skill level 10 in Fighting
  9934 | D:10     | Reached skill level 10 in Axes
 10663 | D:11     | Reached XP level 11. HP: 100/100 MP: 10/10
 10815 | D:11     | Noticed a two-headed ogre
 10823 | D:11     | Reached skill level 10 in Armour
 10831 | D:11     | Killed a two-headed ogre
 10982 | D:11     | Noticed a two-headed ogre
 10999 | D:11     | Killed a two-headed ogre
 11263 | D:11     | Noticed a boulder beetle
 11287 | D:11     | Killed a boulder beetle
 11426 | D:11     | You fall into a shaft and drop 2 floors!
 11565 | D:12     | Noticed a two-headed ogre
 11570 | D:12     | Killed a two-headed ogre
 11571 | D:12     | Noticed a deep elf pyromancer
 11574 | D:12     | Noticed a two-headed ogre
 11579 | D:12     | Killed a two-headed ogre
 11592 | D:12     | Killed a deep elf pyromancer
 11601 | D:12     | Reached skill level 10 in Dodging
 12321 | D:11     | Noticed a two-headed ogre
 12330 | D:11     | Killed a two-headed ogre
 12336 | D:11     | Found a staircase to the Orcish Mines.
 12708 | D:12     | Reached XP level 12. HP: 105/110 MP: 11/11
 12905 | Lair:1   | Entered Level 1 of the Lair of Beasts
 13511 | Lair:1   | Reached ***** piety under Trog
 13735 | Lair:2   | Noticed a death yak
 13735 | Lair:2   | Noticed a death yak
 13735 | Lair:2   | Noticed a death yak
 13735 | Lair:2   | Noticed a death yak
 13735 | Lair:2   | Noticed a death yak
 13736 | Lair:2   | Noticed a death yak
 13743 | Lair:2   | Killed a death yak
 13745 | Lair:2   | Killed a death yak
 13746 | Lair:2   | Killed a death yak
 13746 | Lair:2   | Killed a death yak
 13747 | Lair:2   | Reached skill level 10 in Shields
 13748 | Lair:2   | Killed a death yak
 13751 | Lair:2   | Killed a death yak
 14540 | Lair:2   | Noticed a death yak
 14541 | Lair:2   | Noticed a death yak
 14548 | Lair:2   | Killed a death yak
 14551 | Lair:2   | Killed a death yak
 14759 | Lair:3   | Reached XP level 13. HP: 119/119 MP: 12/12
 15019 | Lair:3   | Found a hole to the Spider Nest.
 15829 | Lair:3   | Found the +9 sword of Power {lifebolt}
 15974 | Lair:3   | Found a staircase to the Swamp.
 16667 | Lair:4   | Identified a scroll of acquirement
 16667 | Lair:4   | Acquired a manual of Armour
 17307 | Lair:4   | Noticed Sonja
 17313 | Lair:4   | Killed Sonja
 17659 | Lair:5   | Entered Level 5 of the Lair of Beasts
 17670 | Lair:5   | Received a gift from Trog
 18427 | Lair:5   | Reached XP level 14. HP: 130/130 MP: 13/13
 19022 | Lair:5   | Found a staircase to the Slime Pits.
 19022 | Lair:5   | Found a viscous altar of Jiyva.
 19238 | Lair:5   | Found a large runed translucent door.
 19238 | Lair:5   | Found a large runed translucent door.
 19565 | Lair:5   | Found a large runed translucent door.
 19565 | Lair:5   | Found a large runed translucent door.
 19834 | Lair:5   | Found a staircase to the Slime Pits.
 19837 | Lair:5   | Found a viscous altar of Jiyva.
 20253 | Lair:5   | Reached skill level 15 in Armour
 22479 | D:13     | Identified the +10 executioner's axe of Fortitude {freeze,
                  | Fragile rF+ Dex+3}
 22521 | D:13     | Found a gate to the Vaults.
 23297 | Orc:1    | Entered Level 1 of the Orcish Mines
 23300 | Orc:1    | Noticed Snorg
 23319 | Orc:1    | Killed Snorg
 23325 | Orc:1    | Reached skill level 15 in Axes
 23698 | Orc:2    | Entered Level 2 of the Orcish Mines
 23738 | Orc:2    | Found Ligayfoc's Magic Scroll Shoppe.
 23746 | Orc:2    | Bought a scroll of acquirement for 572 gold pieces
 23746 | Orc:2    | Acquired a manual of Axes
 23764 | Orc:2    | Found a staircase to the Elven Halls.
 23806 | Orc:2    | Found a dark tunnel.
 23815 | Volcano  | Entered a volcano
 23868 | Volcano  | Reached skill level 15 in Fighting
 24174 | Volcano  | Found a radiant altar of Vehumet.
 24188 | Volcano  | Reached XP level 15. HP: 120/141 MP: 10/14
 24330 | Volcano  | Received a gift from Trog
 24479 | Orc:2    | Noticed Azrael
 24511 | Orc:2    | Killed Azrael
 25058 | Orc:2    | Found an iron altar of Okawaru.
 25086 | Orc:2    | Found Ebo Gew's Magic Scroll Shop.
 25105 | Orc:2    | Found Seprasem's Magic Scroll Boutique.
 25993 | Orc:2    | Found Utiy's Book Shoppe.
 25993 | Orc:2    | Found Xuamyac's Antique Armour Emporium.
 25994 | Orc:2    | Found a one-way gate leading to the halls of Pandemonium.
 25998 | Orc:2    | Bought a smoking cloak for 152 gold pieces
 25998 | Orc:2    | Identified the +2 cloak of Evolution {rPois Dex+2} (You
                  | bought it in a shop on level 2 of the Orcish Mines)
 25998 | Orc:2    | Bought an embroidered hat for 112 gold pieces
 26625 | D:14     | Identified the +12 rapier of the Eternal Warrior {venom,
                  | +Blink Dex+3 SInv}
 26653 | D:14     | Noticed Roxanne
 27716 | D:14     | Killed Roxanne
 27768 | D:15     | Entered Level 15 of the Dungeon
 27774 | D:15     | Paralysed by an orc sorcerer for 3 turns
 27786 | D:15     | Paralysed by an orc sorcerer for 5 turns
 28402 | D:15     | Found a staircase to the Depths.
 29055 | Swamp:1  | Entered Level 1 of the Swamp
 29587 | Swamp:1  | Reached XP level 16. HP: 150/151 MP: 15/15
 30105 | Swamp:2  | Reached skill level 15 in Shields
 30321 | Swamp:2  | You are sucked into a shaft and drop 1 floor!
 30502 | Swamp:3  | Reached skill level 15 in Dodging
 31336 | Swamp:3  | Noticed Nikola
 31354 | Swamp:3  | Killed Nikola
 31382 | Swamp:3  | Found the +8 mithril axe "Arga" {speed, Will+}
 32131 | Swamp:4  | Entered Level 4 of the Swamp
 32554 | Swamp:4  | Received a gift from Trog
 33105 | Swamp:4  | Noticed a thorn hunter
 33121 | Swamp:4  | Reached XP level 17. HP: 152/161 MP: 14/16
 33530 | Swamp:4  | Got a decaying rune of Zot
 34469 | Spider:1 | Entered Level 1 of the Spider Nest
 34624 | Spider:1 | Noticed Donald
 34634 | Spider:1 | Killed Donald
 35890 | Spider:2 | Identified the +12 hand axe of Gamus {flame, rElec Dex+7
                  | SInv} (Trog gifted it to you on level 2 of the Spider Nest)
 35890 | Spider:2 | Received a gift from Trog
 36986 | Spider:3 | Identified the +11 spear "Qaneaff" {heavy, rElec rN+ Will-}
 37083 | Spider:3 | Identified the +0 scale mail "Yxicozxi" {Fly rElec rC-
                  | Str+7}
 37302 | Spider:3 | Received a gift from Trog
 37714 | Spider:4 | Entered Level 4 of the Spider Nest
 37714 | Spider:4 | Noticed Arachne
 38065 | Spider:4 | Killed Arachne
 38276 | Spider:4 | Identified the +1 broad axe "Madeo" {flame, *Slow Str+8}
                  | (Trog gifted it to you on level 4 of the Spider Nest)
 38276 | Spider:4 | Received a gift from Trog
 38473 | Spider:4 | Reached XP level 18. HP: 173/173 MP: 0/17
 38910 | Spider:4 | HP: 7/259 [poisoned by an emperor scorpion]
 38911 | Spider:4 | Succumbed to an emperor scorpion's poison

Illustrated notes

Levels and vault maps discovered:
D:1:      wander_arrival_fairy_ring, layout_basic, serial_forest,
          infiniplex_forest_clump_curved, infiniplex_forest_lined_corner,
          infiniplex_forest_lined_3_way, infiniplex_forest_clump_double,
          infiniplex_forest_lined_room_3, infiniplex_forest_split
D:2:      layout_basic, dreamdust_ecumenical_altar_angels_and_demons
D:3:      layout_loops_ring, mainiacjoe_overflow_cross_hatched,
          mainiacjoe_overflow_surrounded_room, old_standard_altar, uniq_natasha
D:4:      layout_loops_corners, grunt_temple_overflow_magic_moments,
          nicolae_overflow_hidden_temple, mainiacjoe_overflow_small_starburst,
          kennysheep_generic_room_2, uniq_blork_the_orc, uniq_ijyb,
          uniq_menkaure
D:5:      layout_loops_cross, minmay_temple_entry_glass, uniq_edmund,
          uniq_eustachio
D:6:      layout_loops_ring, lemuel_tele_altar, serial_bayou_pond_d
D:7:      layout_loops_cross, kennysheep_little_box, nicolae_zen_rock_garden,
          hex_large
D:8:      layout_basic, serial_shops, nicolae_square_shop,
          nicolae_shop_pleasant_corner_grove, nicolae_shop_back_alley_shop,
          nicolae_shop_mannequins
D:9:      layout_loops_ring, nicolae_dithmenos_through_a_glass_darkly,
          erik_lair_island
D:10:     layout_grid_maze, uniq_josephine
D:11:     layout_layer_cave, erik_orc_1
D:12:     layout_gridville, grunt_ministairs_14
D:13:     minmay_coctagon, layout_gridville, erik_vaults_2,
          minmay_misc_feat_columns
D:14:     layout_loops_cross, minmay_misc_feat_plants, uniq_roxanne
D:15:     hangedman_depths_entry_try_elsewhere_first, layout_cave_pools,
          nicolae_figureground_pulse, hangedman_decor_clover_reticule
Lair:1:   minmay_lair_venomous_thicket, layout_regular_city, st_stairs_4,
          pdpol_lair_neglected_garden, columned_hall_lemuel
Lair:2:   layout_chaotic_city, grunt_megastairs_2
Lair:3:   layout_cave_pods, minmay_swamp_entry_swarm,
          hellmonk_spider_entry_life_and_decay, roderic_carrion_pond,
          infiniplex_staircase_pool_2
Lair:4:   layout_roguey, minivault_27, lemuel_fruit_tree, uniq_sonja
Lair:5:   cheibrodos_lair_end_hotspot, layout_regular_city,
          nicolae_slime_entry_slimehenge, chequers_serial_rivers_micro_e
Swamp:1:  layout_basic_swamp, serial_swamp_ruin, evilmike_swamp_ruin_rubble_1,
          hangedman_swamp_ruin_wall
Swamp:2:  layout_basic_swamp, evilmike_swamp_ruin_house_4, swamp_pool2,
          nicolae_swamp_vermiculated
Swamp:3:  nicolae_swamp_secret_spriggan_hideout, layout_basic_swamp,
          hangedman_swamp_cone, uniq_nikola
Swamp:4:  swamp, layout_basic_swamp
Spider:1: layout_spider_delve, guppyfry_spider_mini_1, uniq_donald
Spider:2: layout_spider_delve, special_room [special_room_bee]
Spider:3: layout_spider_delve, nicolae_spider_baby_got_redback,
          nicolae_spider_cling_halls
Spider:4: grunt_spider_rune_circles, nicolae_spider_moth_buddies, uniq_arachne
Orc:1:    layout_diamond_mine, uniq_snorg
Orc:2:    pf_orc_diabolical, layout_caves, serial_shops, shop_statue,
          basic_altar, nicolae_volcano_entry_two_sided,
          okawaru_metal_pillars_1_2, uniq_azrael

Skill      XL: |  1  2  3  4  5  6  7  8  9 10 11 12 13 14 15 16 17 |
---------------+----------------------------------------------------+-----
Fighting       | 4 5 6 7 8 10 11 12 13 15 16 17 18 | 18.5
Axes           | 4 5 6 7 9 10 11 12 13 15 17 19 20 | 20.7
Armour         | 3 4 5 6 7 8 9 11 12 14 16 18 19 20 | 20.9
Dodging        | 3 4 5 6 7 9 10 11 12 13 14 15 16 | 16.9
Shields        | 3 5 7 9 10 12 13 14 16 17 | 17.3

Action                     |  1- 3 |  4- 6 |  7- 9 | 10-12 | 13-15 | 16-18 || total
---------------------------+-------+-------+-------+-------+-------+-------++-------
  Melee: Hand axe          |   135 |   106 |   181 |       |       |       ||   422
         Headbutt          |    31 |    17 |    59 |   106 |   258 |   277 ||   748
         Punch             |     1 |     2 |     2 |       |       |       ||     5
         War axe           |       |       |    76 |   420 |   203 |       ||   699
         Executioner's axe |       |       |       |       |    35 |       ||    35
         Broad axe         |       |       |       |       |   880 |  1114 ||  1994
  Throw: Javelin           |       |       |    11 |       |    27 |    28 ||    66
 Invoke: Berserk           |       |     2 |     6 |     9 |    19 |     8 ||    44
         Trog's Hand       |       |       |       |     1 |     9 |     5 ||    15
         Brothers in Arms  |       |       |       |       |     7 |     6 ||    13
  Evoke: Wand              |       |       |       |       |     1 |       ||     1
    Use: Scroll            |       |       |       |     1 |    30 |     5 ||    36
   Stab: Distracted        |       |       |       |       |     2 |     2 ||     4
         Confused          |       |       |       |       |       |     1 ||     1
         Held in net/web   |       |       |       |       |       |     1 ||     1
 Armour: Animal skin       |     3 |       |       |       |       |       ||     3
         Ring mail         |    14 |    37 |     5 |       |       |       ||    56
         Plate armour      |       |       |   119 |    74 |   164 |   512 ||   869
         Storm dragon scal |       |       |       |   102 |   496 |       ||   598
  Dodge: Dodged            |    38 |    59 |    95 |   142 |   436 |   401 ||  1171
  Block: Kite shield       |       |       |    74 |   196 |   553 |   591 ||  1414
         Reflection        |       |       |       |       |       |     1 ||     1
